 Dungeon Crawl Stone Soup version 0.19.1-1-g22dce08 (webtiles) character file.

116 ImaNewbie the Firebug (level 4, -2/24 HPs)
             Began as a Deep Elf Fire Elementalist on Jan 2, 2017.
             Killed from afar by an orc wizard (5 damage)
             ... with a puff of flame
             ... on level 3 of the Dungeon.
             The game lasted 00:06:09 (1996 turns).

ImaNewbie the Firebug (Deep Elf Fire Elementalist)  Turns: 1996, Time: 00:06:09

Health: -2/24      AC:  3    Str:  5    XL:     4   Next: 69%
Magic:  18/19      EV: 13    Int: 21    God:
Gold:   102        SH:  0    Dex: 17    Spells: 1 memorised, 8 levels left

rFire  . . .     SeeInvis .     l - +0 whip
rCold  . . .     Gourm    .     a - +1 robe
rNeg   . . .     Faith    .     (no shield)
rPois  .         Spirit   .     (no helmet)
rElec  .         Reflect  .     (no cloak)
rCorr  .         Harm     .     (no gloves)
MR     .....                    (no boots)
Stlth  ++........               (no amulet)
                                u - ring of magical power
                                m - +2 ring of dexterity

@: no status effects
A: no striking features
a: no special abilities


You were on level 3 of the Dungeon.
You were not hungry.

You visited 1 branch of the dungeon, and saw 3 of its levels.

You collected 102 gold pieces.

Inventory:

Hand Weapons
 l - a +0 whip (weapon)
Armour
 a - a +1 robe (worn)
Jewellery
 m - a +2 ring of dexterity (left hand)
 u - a ring of magical power (right hand)
Scrolls
 d - a scroll of enchant armour
 e - a scroll of remove curse
 i - a scroll of immolation {unknown}
 n - a scroll of fear {unknown}
 p - a scroll of blinking {unknown}
 q - 4 scrolls of teleportation {unknown}
 r - 3 scrolls of identify
 t - a scroll of enchant weapon {unknown}
 v - a scroll of magic mapping {unknown}
Potions
 h - 3 potions of heal wounds
 j - a potion of degeneration {unknown}
 o - 2 potions of mutation {unknown}
 s - a potion of lignification {unknown}
 w - a potion of resistance {unknown}
Books
 b - a book of Flames

   Spells                             Type                      Level
   a - Flame Tongue                   Conjuration/Fire             1
   b - Throw Flame                    Conjuration/Fire             2
   c - Conjure Flame                  Conjuration/Fire             3
   d - Inner Flame                    Hexes/Fire                   3
   e - Sticky Flame                   Conjuration/Fire             4
   f - Fireball                       Conjuration/Fire             5
Comestibles
 c - 2 bread rations
 f - 4 fruits
 g - 5 chunks of flesh
 k - 2 meat rations


   Skills:
 - Level 2.4 Dodging
 - Level 2.4 Stealth
 - Level 3.0 Spellcasting
 + Level 3.2 Conjurations
 - Level 5.1 Fire Magic


You had 8 spell levels left.
You knew the following spells:

 Your Spells              Type           Power        Failure   Level  Hunger
a - Flame Tongue          Conj/Fire      ###..        2%          1    None


Dungeon Overview and Level Annotations

Branches:
Dungeon (3/15)

Altars:
Nemelex Xobeh


Message History

The howler monkey zombie is almost destroyed.
The howler monkey zombie hits you.
* * * LOW HITPOINT WARNING * * *
An orc wizard comes into view. It is wielding a dagger.
Casting: Flame Tongue
Confirm with . or Enter, or press ? or * to list all spells.
Aiming: Flame Tongue
Press: ? - help, Shift-Dir - straight line, f/p - howler monkey zombie
Aim: a howler monkey zombie (almost destroyed)
The flame tongue hits the howler monkey zombie.
You destroy the howler monkey zombie!
Your Conjurations skill increases to level 3!
The orc wizard shouts!
The orc wizard moves out of view.
The orc hits you with a dagger.
* * * LOW HITPOINT WARNING * * *
You see here a war axe.
The orc wizard points at you and mumbles some strange words.
The puff of flame hits you!
You die...

#. #.#..##
.#.!##.#@.#
........o.#
##..##.).##
#..o.# #....#
#....# #
##)...# #.
#o..#.#
####..#...#.#
..........#.#
.......#..#.#
#.##...#..#
#..##.... #..
...#.# #..
.....# ...
.....#


You could see an orc wizard and 2 orcs.

Vanquished Creatures
  Terence (D:3)
  A howler monkey zombie (D:3)
  2 adders (D:2)
  2 oozes
  2 dart slugs
  A leopard gecko (D:3)
  2 orcs (D:3)
  10 bats
  2 giant cockroaches (D:2)
  4 goblins
  3 hobgoblins
  2 jackals (D:1)
  A frilled lizard (D:1)
  8 kobolds
  6 rats
47 creatures vanquished.

Notes
Turn   | Place    | Note
-------+----------+-------------------------------------------
     0 | D:1      | ImaNewbie the Deep Elf Fire Elementalist began the quest for the Orb.
     0 | D:1      | Reached XP level 1. HP: 10/10 MP: 6/6
   223 | D:1      | Reached skill level 4 in Fire Magic
   223 | D:1      | Reached XP level 2. HP: 15/15 MP: 4/8
   316 | D:1      | Found a sparkling altar of Nemelex Xobeh.
   555 | D:1      | Reached XP level 3. HP: 19/19 MP: 3/9
  1014 | D:2      | Reached skill level 5 in Fire Magic
  1354 | D:2      | Reached XP level 4. HP: 18/24 MP: 8/10
  1680 | D:3      | Noticed Terence
  1692 | D:3      | Killed Terence
  1900 | D:3      | Found a faded altar of an unknown god.
  1996 | D:3      | Killed from afar by an orc wizard

Skill      XL: |  1  2  3  4 |
---------------+-------------+-----
Fire Magic     | 4 5 |  5.1
Conjurations   | 2 3 |  3.2
Dodging        | |  2.4
Stealth        | |  2.4
Spellcasting   | |  3.0

Action                   |  1- 3 |  4- 6 || total
-------------------------+-------+-------++-------
Melee: Unarmed           |     1 |       ||     1
       Whip              |    25 |    20 ||    45
 Cast: Flame Tongue      |    54 |    23 ||    77
  Use: Scroll            |       |     3 ||     3
  Eat: Chunk             |     1 |     2 ||     3
Armor: Robe              |     9 |    10 ||    19
Dodge: Dodged            |    29 |    27 ||    56
